 Dungeon Crawl Stone Soup version 0.32-a0-898-g7811c86cf0 (webtiles) character file.

Game seed: 12046726640860817204

228 Heh the Slasher (level 6, -1/44 HPs)
             Began as a Coglin Gladiator on Apr 5, 2024.
             Was an Initiate of Beogh.
             Slain by a gnoll
             ... wielding a +0 spear
              (3 damage)
             ... on level 4 of the Dungeon.
             The game lasted 00:04:15 (1898 turns).

Heh the Slasher (Coglin Gladiator)                  Turns: 1898, Time: 00:04:15

Health: -1/44      AC: 15    Str: 14    XL:     6   Next: 2%
Magic:  6/6        EV:  9    Int:  8    God:    Beogh [......]
Gold:   145        SH:  0    Dex: 17    Spells: 5/5 levels left

rFire   + . .        a - +0 long sword {Ku-aya}
rCold   . . .        q - +1 short sword (protect) {Santiago}
rNeg    . . .        w - +1 scale mail {rF+}
rPois   .            c - +0 helmet
rElec   .            (no cloak)
rCorr   .            (no gloves)
SInv    .            (no boots)
Will    .....        (amulet unavailable) Stlth
                     (ring unavailable)
HPRegen 0.27/turn    (ring unavailable)
MPRegen 0.10/turn    (no gizmo)

%: no passive effects
@: lethally poisoned (-1 -> -1), under a protective aura, revving
A: off-hand wielding, slow wielding, warmup strikes, no jewellery
a: Invent Gizmo, Renounce Religion


You were on level 4 of the Dungeon.
You worshipped Beogh.
Beogh was noncommittal.
You visited 1 branch of the dungeon, and saw 4 of its levels.

You collected 145 gold pieces.

Inventory:

Hand Weapons
 a - a +0 long sword (weapon) {Ku-aya}
 f - a +0 dagger {Raúl}
 n - a +0 short sword of holy wrath {Kammani}
 q - a +1 short sword of protection (offhand) {Santiago}
Missiles
 d - a throwing net (quivered)
 e - a javelin
Armour
 b - a +0 leather armour
 c - a +0 helmet (worn)
 j - a +0 ring mail
 l - a +0 chain mail
 w - a +1 scale mail of fire resistance (worn)
Magical Staves
 x - a staff of death
Scrolls
 g - a scroll of immolation {unknown}
 h - 2 scrolls of torment {unknown}
 i - a scroll of amnesia {unknown}
 k - 3 scrolls of identify {unknown}
 m - 2 scrolls of teleportation {unknown}
 r - a scroll of revelation {unknown}
 u - a scroll of poison {unknown}
Potions
 p - a potion of lignification
 s - 2 potions of attraction {unknown}
 t - a potion of magic {unknown}
 v - 2 potions of might {unknown}


   Skills:
 - Level 2.0 Fighting
 + Level 6.5 Long Blades
 - Level 1.7 Throwing
 - Level 2.6 Dodging


You had 5 spell levels left.
You didn't know any spells.
Your spell library contained the following spells:

 Spells                   Type           Power      Damage    Failure   Level
 Sublimation of Blood     Necr           0%         N/A       96%         2
 Petrify                  Alch/Erth      0%         N/A       100%        4
 Irradiate                Conj/Alch      0%         3d11      100%        5
 Malign Gateway           Summ/Tloc      0%         N/A       100%        7
 Summon Horrible Things   Summ           0%         N/A       100%        8


Dungeon Overview and Level Annotations

Branches:
Dungeon (4/15)
 Temple: D:4-7

Altars:
Vehumet


Innate Abilities, Weirdness & Mutations

You can wield a second weapon in your off-hand.
It takes a long time for you to wield or remove held weapons.
Your first few attacks do less damage.
You cannot equip rings or amulets.


Message History

The ogre is severely wounded.
You hit the ogre but do no damage.
You feel sick.
The ogre hits you with a +0 giant club!!
Ouch! That really hurt!
* * * LOW HITPOINT WARNING * * *
The gnoll barely misses you.
You hear a shout!
Unknown command.
Okay, then.
You hit the ogre with your +1 short sword of protection.
The ogre is almost dead.
You slash the ogre with your +0 long sword!
You kill the ogre!
Beogh accepts your kill.
* * * LOW HITPOINT WARNING * * *
You feel sick. The gnoll misses you.
Your Long Blades skill increases to level 6!
You have reached level 6!
Throw: 2 throwing nets
Press: ? - help, Q - select action, (/) - cycle Shift-Dir - straight line, f - gnoll
Aim: a gnoll, wielding a +0 halberd of venom (61% to hit)
You throw a throwing net. The throwing net hits the gnoll.
The gnoll is caught in the net!
You feel sick.
A gnoll comes into view. It is wielding a +0 spear.
The gnoll struggles against the net.
It was a potion of lignification.
You turn into a tree.
Your +0 helmet melds into your body.
Your +1 scale mail of fire resistance melds into your body.
You feel less resistant to fire.
Your roots penetrate the ground.
You feel sick.
The gnoll struggles against the net.
It was a potion of cancellation.
Your magical effects are unravelling.
You feel magically purged.
You feel less wooden.
Your +0 helmet unmelds from your body.
Your +1 scale mail of fire resistance unmelds from your body.
You feel resistant to fire.
You feel sick.
The gnoll hits you from afar with a +0 spear.
You die...

.....## #...) #..#
#†.# .....# #... #.#
...# .....# #.. #.
#.#.# #...##
#'######## #. .#
##.## #.......# #. .#
#.# #.#####.# .. .#
#.# ##g## #.# #. ##
#.# ##..)####.######.
#.# #....@.gg........
#.# ##....###.####.##
#.####### ##)#.# #.#
#.......#####.#.###>#
#######.............#
#######.####### #.#
#.# #.#


You could see 3 gnolls.

Vanquished Creatures
  An ogre (D:4)
  A bombardier beetle (D:3)
  7 adders
  2 ribbon worms (D:2)
  3 orcs
  6 bats
  2 endoplasms
  2 giant cockroaches
  2 goblins
  3 hobgoblins
  4 kobolds
  2 quokkas (D:1)
  4 ball pythons
  2 frilled lizards
  4 rats
45 creatures vanquished.

Notes
Turn   | Place    | Note
-------+----------+-------------------------------------------
     0 | D:1      | Heh the Coglin Gladiator began the quest for the Orb.
     0 | D:1      | Reached XP level 1. HP: 16/16 MP: 1/1
   285 | D:1      | Reached XP level 2. HP: 21/22 MP: 2/2
   741 | D:1      | Found a faded altar of an unknown god.
   905 | D:2      | Found a radiant altar of Vehumet.
   912 | D:2      | Reached skill level 4 in Long Blades
   912 | D:2      | Reached XP level 3. HP: 24/27 MP: 3/3
  1110 | D:2      | Reached XP level 4. HP: 32/33 MP: 4/4
  1396 | D:3      | Reached skill level 5 in Long Blades
  1652 | D:3      | Reached XP level 5. HP: 38/38 MP: 5/5
  1835 | D:4      | Became a worshipper of Beogh the Shepherd
  1876 | D:4      | Noticed an ogre
  1895 | D:4      | Killed an ogre
  1896 | D:4      | Reached skill level 6 in Long Blades
  1896 | D:4      | Reached XP level 6. HP: 4/44 MP: 6/6
  1898 | D:4      | HP: 2/44 [poisoned by a gnoll]
  1898 | D:4      | Slain by a gnoll

Illustrated notes

Levels and vault maps discovered:
D:1:      nicolae_arrival_somewhat_less_tricky_arrival, layout_basic,
          ebering_ecumenical_altar_abandoned
D:2:      layout_rooms, basic_altar
D:3:      layout_rooms, minivault_14
D:4:      layout_loops_corners, minmay_temple_entry_gardened_gates,
          serial_shops, shop_fountains, cheibrodos_sewer_entry_sluice,
          uniq_duvessa

Skill      XL: |  1  2  3  4  5 |
---------------+----------------+-----
Long Blades    | 4 5 6 |  6.5
Fighting       | |  2.0
Throwing       | |  1.7
Dodging        | |  2.6

Action                     |  1- 3 |  4- 6 || total
---------------------------+-------+-------++-------
  Melee: Dagger            |    12 |       ||    12
         Long sword        |    54 |    47 ||   101
         Short sword       |    38 |    42 ||    80
  Throw: Throwing net      |       |     2 ||     2
 Invoke: Convert to Beogh  |       |     1 ||     1
    Use: Potion            |       |     2 ||     2
   Stab: Sleeping          |     1 |       ||     1
         Held in net/web   |       |     1 ||     1
 Armour: Ring mail         |    54 |     8 ||    62
         Chain mail        |     2 |       ||     2
         Skin              |     1 |       ||     1
         Scale mail        |       |    16 ||    16
  Dodge: Dodged            |    49 |    21 ||    70

Table legend: (Time is in decaauts)
 A = Elapsed time spent in this place.
 B = Non-inter-level travel time spent in this place.
 C = Inter-level travel time spent in this place.
 D = Time resting spent in this place.
 E = Time spent auto-exploring this place.
 F = Levels seen in this place.
 G = Mean time per level.
                   A        B        C        D        E       F      G
               +--------+--------+--------+--------+--------+-----+--------+
         Total |   1899 |   1807 |     92 |      0 |   1434 |   4 |  474.8 |
       Dungeon |   1899 |   1807 |     92 |      0 |   1434 |   4 |  474.8 |
               +--------+--------+--------+--------+--------+-----+--------+

Top non-repeatable levels by time:
     D:1: 881 daAuts
     D:2: 479 daAuts
     D:3: 362 daAuts
     D:4: 176 daAuts
